 Dungeon Sprint DCSS version 0.29-a0-222-g5b244fca1f (webtiles) character file.

Game seed: 17063733816999899839

139 mhtbhm the Cudgeller (level 5, -5/55 HPs)
             Began as a Gargoyle Berserker on Feb 27, 2022.
             Was a Priest of Trog.
             Slain by a fire elemental (11 damage)
             ... summoned by a deep elf pyromancer
             ... in the Dungeon (Sprint III: "The Ten Rune Challenge").
             The game lasted 00:00:50 (691 turns).

mhtbhm the Cudgeller (Gargoyle Berserker)            Turns: 691, Time: 00:00:51

Health: -5/55      AC:  8    Str: 22    XL:     5   Next: 22%
Magic:  5/5        EV: 12    Int:  8    God:    Trog [***...]
Gold:   29         SH:  0    Dex:  9    Spells: 4/4 levels left

rFire   . . .      SeeInvis .   a - +0 mace
rCold   . . .      Faith    .   (no shield)
rNeg    + . .      Spirit   .   b - +0 animal skin
rPois   ∞          Reflect  .   (no helmet)
rElec   +          Harm     .   (no cloak)
rCorr   .          Rampage  .   (no gloves)
Will    .....      NoTele   +   (no boots)
Stlth   ..........              (no amulet)
HPRegen 0.18/turn               (no ring)
MPRegen 0.09/turn               (no ring)

@: berserking (expiring), very quick
A: sickness immunity, AC +4, negative energy resistance 1, electricity
resistance, torment resistance 1, petrification resistance, iridescent scales 1,
high MP 1
a: Renounce Religion, Berserk, Trog's Hand


You were in the Dungeon.
You worshipped Trog.
Trog was most pleased with you.
You visited 1 branch You collected 29 gold pieces.

Inventory:

Hand Weapons
 a - a +0 mace (weapon)
Armour
 b - a +0 animal skin (worn)
Scrolls
 h - 3 scrolls of blinking
 j - a scroll of immolation {unknown}
 k - 2 scrolls of identify {unknown}
 m - 2 scrolls of holy word {unknown}
Potions
 c - a potion of curing
 d - a potion of heal wounds
 e - a potion of haste
 f - 2 potions of magic
 g - a potion of berserk rage
 i - a potion of mutation
 l - 3 potions of flight


   Skills:
 + Level 6.9 Fighting
 + Level 7.3 Maces & Flails
 + Level 3.9 Armour
 + Level 3.2 Dodging
 + Level 1.6 Stealth


You had 4 spell levels left.
You didn't know any spells.
Your spell library was empty.

Dungeon Overview and Level Annotations

Branches:
Dungeon (1/1)

Altars:
Elyvilon
Kikubaaqudgha
Sif Muna
Vehumet
Zin
The Shining One


Innate Abilities, Weirdness & Mutations

You are immune to sickness and miasma.
Your stone body is resilient. (AC +4)
You are immune to poison.
You resist negative energy. (rN+)
You are resistant to electric shocks. (rElec)
You are resistant to unholy torment.
You are immune to petrification.
You are partially covered in iridescent scales. (AC +2)
You have an increased reservoir of magic. (+10% MP)


Message History

There is a shimmering blue altar of Sif Muna here.
Items here: ) : [ †.
There is an open door here.
You start resting.
HP restored.
As you open the door, it creaks loudly!
Found three altars.
A deep elf pyromancer comes into view.
It is wielding a +2 long sword of holy wrath.
The deep elf pyromancer shouts!
The deep elf pyromancer mumbles some strange words.
There is an open door here.
A red film seems to cover your vision as you go berserk!
You feel yourself moving faster!
You feel mighty! The fire elemental hits you. The fire elemental burns you!
You thump the deep elf pyromancer!
The deep elf pyromancer is heavily wounded.
The fire elemental hits you. The fire elemental burns you!
The deep elf pyromancer closely misses you.
You barely miss the deep elf pyromancer.
The deep elf pyromancer is heavily wounded.
The fire elemental misses you.
You sock the deep elf pyromancer!
The deep elf pyromancer is severely wounded.
The deep elf pyromancer hits you with a +2 long sword of holy wrath.
The fire elemental closely misses you.
You barely miss the deep elf pyromancer.
The deep elf pyromancer is severely wounded.
The deep elf pyromancer drinks a potion.
The deep elf pyromancer is healed!
The fire elemental hits you. The fire elemental burns you!
You thump the deep elf pyromancer!
The deep elf pyromancer is moderately wounded.
The fire elemental hits you. The fire elemental burns you!
* * * LOW HITPOINT WARNING * * *
The deep elf pyromancer hits you with a +2 long sword of holy wrath.
* * * LOW HITPOINT WARNING * * *
You hit the deep elf pyromancer.
The deep elf pyromancer is moderately wounded.
The fire elemental hits you. The fire elemental burns you!
You die...

▓▓▓▓ ▓▓▓ ...#### ##.#####
......#####..#___#
...†...#..#..#.eE#
#.##...#..#..###@#+###+##
#.###..##'#..#..........#
##.##..###...'.⌠........#
..##.†####...#...######+#
..##..###....#.⌠.#
.##...##.....#...#
##....#......#'###
##..##.#.....#.):# #..
####....#___#


You could see a deep elf pyromancer and a fire elemental (summoned).

Vanquished Creatures
  A water elemental (D)
  A kobold demonologist (D)
  A human (D)
  A wolf (D)
  2 endoplasms (D)
  2 rats (D)
8 creatures vanquished.

Vanquished Creatures (others)
  A wizard (D)
1 creature vanquished.

Grand Total: 9 creatures vanquished

Notes
Turn   | Place    | Note
-------+----------+-------------------------------------------
     0 | D        | mhtbhm the Gargoyle Berserker began the quest for the Orb.
     0 | D        | Reached XP level 1. HP: 14/14 MP: 1/1
    29 | D        | Reached ** piety under Trog
    49 | D        | Noticed a wolf
    58 | D        | Reached skill level 4 in Maces & Flails
    58 | D        | Reached XP level 2. HP: 4/20 MP: 2/2
    60 | D        | Reached skill level 5 in Fighting
    60 | D        | Reached skill level 5 in Maces & Flails
    60 | D        | Reached XP level 3. HP: 6/26 MP: 3/3
   133 | D        | Gained mutation: You are strong-willed. (Will+) [potion of
                  | mutation]
   133 | D        | Gained mutation: You have hidden genetic defects. [potion
                  | of mutation]
   133 | D        | Gained mutation: You are agile. (Dex +2) [potion of
                  | mutation]
   135 | D        | Lost mutation: You have hidden genetic defects. [potion of
                  | mutation]
   135 | D        | Lost mutation: You are strong-willed. (Will+) [potion of
                  | mutation]
   267 | D        | Lost mutation: You are agile. (Dex +2) [potion of mutation]
   267 | D        | Gained mutation: You have an increased reservoir of magic.
                  | (+10% MP) [potion of mutation]
   267 | D        | Gained mutation: You are partially covered in iridescent
                  | scales. (AC +2) [potion of mutation]
   322 | D        | Noticed a water elemental
   330 | D        | Killed a water elemental
   331 | D        | Reached skill level 6 in Maces & Flails
   331 | D        | Reached skill level 1 in Stealth
   331 | D        | Reached XP level 4. HP: 29/32 MP: 4/4
   449 | D        | Found a radiant altar of Vehumet.
   449 | D        | Found a shimmering blue altar of Sif Muna.
   449 | D        | Found an ancient bone altar of Kikubaaqudgha.
   449 | D        | Noticed a wizard
   462 | D        | Reached *** piety under Trog
   463 | D        | Reached XP level 5. HP: 37/37 MP: 5/5
   469 | D        | Reached skill level 7 in Maces & Flails
   683 | D        | Found a glowing silver altar of Zin.
   683 | D        | Found a glowing golden altar of the Shining One.
   683 | D        | Found a white marble altar of Elyvilon.
   684 | D        | Noticed a deep elf pyromancer
   685 | D        | Noticed a fire elemental
   691 | D        | Slain by a fire elemental

Illustrated notes

Levels and vault maps discovered:
D:        dungeon_sprint_mu [sprint_mu_entry_cave, sprint_mu_temple_rooms,
          sprint_mu_d1_spiders, sprint_mu_d2_genie, sprint_mu_d3_branching,
          sprint_mu_orc_legion, sprint_mu_elf_gauntlet, sprint_mu_hive_nellie,
          sprint_mu_lair_fedhas, sprint_mu_vaults_butterflies,
          sprint_mu_slime_circle, sprint_mu_swamp_cave, sprint_mu_snake_twists,
          sprint_mu_blade_basic, sprint_mu_crypt_lich, sprint_mu_tomb_spiral,
          sprint_mu_vestibule_basic, sprint_mu_gehenna_hellfire,
          sprint_mu_dis_giant, sprint_mu_tartarus_statrot,
          sprint_mu_cocytus_islands, sprint_mu_zot1]

Skill      XL: |  1  2  3  4  5 |
---------------+----------------+-----
Fighting       | 4 5 6 |  6.9
Maces & Flails | 4 5 6 7 |  7.3
Armour         | 3 |  3.9
Dodging        | 2 3 |  3.2
Stealth        | 1 |  1.6

Action                   |  1- 3 |  4- 6 || total
-------------------------+-------+-------++-------
Melee: Mace              |    22 |    21 ||    43
Invok: Berserk           |     2 |     2 ||     4
  Use: Potion            |     3 |       ||     3
 Stab: Sleeping          |     1 |       ||     1
Armor: Animal skin       |     2 |    17 ||    19
Dodge: Dodged            |     9 |    11 ||    20

Table legend: (Time is in decaauts)
 A = Elapsed time spent in this place.
 B = Non-inter-level travel time spent in this place.
 C = Inter-level travel time spent in this place.
 D = Time resting spent in this place.
 E = Time spent auto-exploring this place.
 F = Levels seen in this place.
 G = Mean time per level.
                   A        B        C        D        E       F      G
               +--------+--------+--------+--------+--------+-----+--------+
         Total |    714 |    714 |      0 |    575 |     29 |   1 |  714.0 |
       Dungeon |    714 |    714 |      0 |    575 |     29 |   1 |  714.0 |
               +--------+--------+--------+--------+--------+-----+--------+

Top non-repeatable levels by time:
       D: 714 daAuts
